 Dungeon Crawl Stone Soup version 0.20.0-15-g7f486f2 (webtiles) character file.

140 straycat the Ducker (level 5, -4/38 HPs)
             Began as a Vampire Wanderer on June 25, 2017.
             Slain by an ogre
             ... wielding a +0 giant club
              (17 damage)
             ... on level 3 of the Dungeon.
             The game lasted 00:14:20 (1936 turns).

straycat the Ducker (Vampire Wanderer)              Turns: 1936, Time: 00:14:21

Health: -4/38      AC:  6    Str: 13    XL:     5   Next: 2%
Magic:  8/9        EV: 12    Int: 14    God:
Gold:   105        SH:  0    Dex: 13    Spells: 5/10 levels left

rFire    . . .     SeeInvis +   z - +0 dagger (drain)
rCold    . . .     Gourm    .   (no shield)
rNeg     . . .     Faith    .   s - +0 ring mail
rPois    .         Spirit   .   f - +0 helmet (curse)
rElec    .         Reflect  .   (no cloak)
rCorr    .         Harm     .   (no gloves)
MR       .....                  (no boots)
Stlth    ++........             (no amulet)
Regen    0.4/turn               (no ring)
MPRegen  0.2/turn               (no ring)

@: very slightly contaminated, regenerating quickly
A: fangs 3, see invisible, unbreathing
a: no special abilities


You were on level 3 of the Dungeon.
You were full.

You visited 1 branch of the dungeon, and saw 3 of its levels.

You collected 105 gold pieces.

Inventory:

Hand Weapons
 n - a +0 mace of protection
 u - a +0 hunting sling
 z - a +0 dagger of draining (weapon)
 B - a +0 falchion
Missiles
 g - 2 needles of paralysis
 j - 96 stones
 r - 2 javelins (quivered)
 y - 11 arrows
Armour
 d - a +0 robe
 f - a cursed +0 helmet (worn)
 o - a +0 scale mail
 s - a +0 ring mail (worn)
Scrolls
 b - a scroll of teleportation
 h - a scroll of magic mapping {unknown}
 i - a scroll of identify {unknown}
 k - a scroll of fog {unknown}
 l - a scroll of recharging {unknown}
 p - a scroll of fear {unknown}
 q - a scroll of enchant weapon {unknown}
 x - a scroll of immolation {unknown}
 A - a scroll of amnesia {unknown}
Potions
 e - 13 potions of blood
 m - 2 potions of flight {unknown}
 t - a potion of magic {unknown}
 w - a potion of degeneration {unknown}
Books
 a - a book of Minor Magic

   Spells                             Type                      Level
   a - Magic Dart                     Conjuration                  1
   b - Blink                          Translocation                2
   c - Call Imp                       Summoning                    2
   d - Slow                           Hexes                        2
   e - Conjure Flame                  Conjuration/Fire             3
   f - Mephitic Cloud                 Conjuration/Poison/Air       3


   Skills:
 + Level 2.0 Fighting
 + Level 2.1 Short Blades
 - Level 1.0 Throwing
 * Level 3.8 Dodging
 + Level 2.9 Stealth
 - Level 3.0 Spellcasting
   Level 1.5 Fire Magic
   Level 1.0 Evocations


You had 5 spell levels left.
You knew the following spells:

 Your Spells              Type           Power        Failure   Level  Hunger
a - Magic Dart            Conj           #...         43%         1    #......
b - Slow                  Hex            #.......     56%         2    ##.....
c - Blink                 Tloc           N/A          56%         2    ##.....


Dungeon Overview and Level Annotations

Branches:
Dungeon (3/15)

Altars:
Cheibriados
Nemelex Xobeh
Uskayaw
Vehumet


Innate Abilities, Weirdness & Mutations

Your natural rate of healing is unusually fast.
You have razor-sharp teeth.
You have supernaturally acute eyesight. (SInv)
You can survive without breathing.


Message History

The ogre shouts!
You hit the kobold. You drain the kobold!
You kill the kobold!
The ogre hits you with a giant club!!
Ouch! That really hurt!
You see here a kobold corpse.
You completely miss the ogre. You bite the ogre.
The ogre is lightly wounded.
You hit the ogre. You drain the ogre!
The ogre is moderately wounded.
The ogre hits you with a giant club.
You barely miss the ogre.
The ogre is moderately wounded.
The ogre barely misses you.
You barely miss the ogre.
The ogre is moderately wounded.
You hit the ogre but do no damage. You drain the ogre!
The ogre is heavily wounded.
The ogre hits you with a giant club!
You die...

#.....####..................#
#.....# #...................#
####### #..........##.......#
#..........##.....#.#
#..........###....#.#
######'###)# ....#' #.# #.#
#..... #O# #)# ..... #@# #.#
..... ######'###.###.#....
+.........รท)).......
#####......###.#.... #......#
# . #......# #......#
#..[...# #......#


You could see an ogre.

Vanquished Creatures
  The ghost of PeterMcNeter the Vexing, a weakling FeEn (D:3)
  A bullfrog skeleton (D:3)
  3 adders
  A worm (D:2)
  A dart slug (D:1)
  2 leopard geckos (D:2)
  5 orcs (D:3)
  4 bats
  A giant cockroach (D:1)
  3 goblins
  4 hobgoblins
  7 jackals
  6 kobolds
  A quokka (D:3)
  2 frilled lizards
  3 rats
45 creatures vanquished.

Notes
Turn   | Place    | Note
-------+----------+-------------------------------------------
     0 | D:1      | straycat the Vampire Wanderer began the quest for the Orb.
     0 | D:1      | straycat set off with: a book of Minor Magic, a scroll of teleportation, a +0 short sword, a +0 robe, a potion of blood
     0 | D:1      | Reached XP level 1. HP: 15/15 MP: 4/4
     2 | D:1      | Learned a level 1 spell: Magic Dart
     4 | D:1      | Noticed a centaur
     6 | D:1      | Noticed a dwarf
     6 | D:1      | Noticed an octopode
    11 | D:1      | Noticed a demigod
    11 | D:1      | Noticed a vampire
    13 | D:1      | Noticed a tengu
    13 | D:1      | Noticed a human
    15 | D:1      | Noticed a gargoyle
    17 | D:1      | Noticed a merfolk
    17 | D:1      | Noticed an elf
    21 | D:1      | Noticed a ghoul
    21 | D:1      | Noticed a naga
    23 | D:1      | Noticed a formicid
    23 | D:1      | Noticed a halfling
    25 | D:1      | Noticed a vine stalker
    25 | D:1      | Noticed a demonspawn
    27 | D:1      | Noticed a troll
    29 | D:1      | Noticed an ogre
    29 | D:1      | Noticed a minotaur
    31 | D:1      | Noticed a felid
    33 | D:1      | Noticed a draconian
    33 | D:1      | Noticed a spriggan
   156 | D:1      | Reached XP level 2. HP: 20/21 MP: 0/6
   159 | D:1      | Reached skill level 1 in Stealth
   171 | D:1      | You fall through a shaft!
   504 | D:1      | Reached XP level 3. HP: 22/26 MP: 7/7
   531 | D:1      | Learned a level 2 spell: Slow
   534 | D:1      | Learned a level 2 spell: Blink
   999 | D:2      | Found a hide-covered altar of Uskayaw.
  1331 | D:2      | Found a sparkling altar of Nemelex Xobeh.
  1366 | D:2      | Found a snail-covered altar of Cheibriados.
  1366 | D:2      | Found a radiant altar of Vehumet.
  1573 | D:3      | Reached XP level 4. HP: 19/33 MP: 8/8
  1847 | D:3      | Noticed PeterMcNeter's ghost (weakling FeEn)
  1860 | D:3      | Killed PeterMcNeter's ghost
  1860 | D:3      | Reached XP level 5. HP: 18/38 MP: 0/9
  1928 | D:3      | Noticed an ogre
  1936 | D:3      | Slain by an ogre

Skill      XL: |  1  2  3  4 |
---------------+-------------+-----
Dodging        | 2 3 |  3.8
Stealth        | 1 2 |  2.9
Short Blades   | 2 |  2.1
Fighting       | 2 |  2.0
Throwing       | |  1.0
Spellcasting   | |  3.0
Fire Magic     | |  1.5
Evocations     | |  1.0

Action                   |  1- 3 |  4- 6 || total
-------------------------+-------+-------++-------
Melee: Short sword       |    55 |       ||    55
       Bite              |    12 |     3 ||    15
       Mace              |    59 |    61 ||   120
       Dagger            |       |     6 ||     6
 Cast: Magic Dart        |    20 |    10 ||    30
  Use: Potion            |     1 |     7 ||     8
Armor: Robe              |    21 |       ||    21
       Ring mail         |    31 |    36 ||    67
Dodge: Dodged            |   100 |    46 ||   146
